 Dungeon Crawl Stone Soup version 0.30-a0-757-ga6a79fd877 (webtiles) character file.

Game seed: 12899304835367771340

84 BigDaddyOpFi the Trooper (level 4, 0/41 HPs)
             Began as a Hill Orc Fighter on Feb 9, 2023.
             Was an Initiate of Beogh.
             Slain by Natasha (8 damage)
             ... on level 3 of the Dungeon.
             The game lasted 00:01:28 (1909 turns).

BigDaddyOpFi the Trooper (Hill Orc Fighter)         Turns: 1909, Time: 00:01:28

Health: 0/41       AC:  7    Str: 20    XL:     4   Next: 46%
Magic:  4/4        EV:  9    Int:  8    God:    Beogh [......]
Gold:   73         SH:  4    Dex: 10    Spells: 3/3 levels left

rFire   . . .      SeeInvis .    a - +0 war axe
rCold   . . .      Faith    .    c - +0 buckler
rNeg    . . .      Spirit   .    b - +0 scale mail
rPois   .          Reflect  .    (no helmet)
rElec   .          Harm     .    (no cloak)
rCorr   .          Rampage  .    (no gloves)
Will    .....                    (no boots) Stlth
                                 (no amulet)
HPRegen 0.26/turn                (no ring)
MPRegen 0.09/turn                (no ring)

@: slowed, very slow
A: no striking features
a: Renounce Religion


You were on level 3 of the Dungeon.
You worshipped Beogh.
Beogh was noncommittal.
You visited 1 branch of the dungeon, and saw 3 of its levels.

You collected 73 gold pieces.

Inventory:

Hand Weapons
 a - a +0 war axe (weapon)
Armour
 b - a +0 scale mail (worn)
 c - a +0 buckler (worn)
Scrolls
 h - a scroll of teleportation {unknown}
 j - a scroll of enchant armour {unknown}
 l - a scroll of magic mapping {unknown}
 m - 2 scrolls of blinking {unknown}
 n - 2 scrolls of identify {unknown}
 o - a scroll of poison {unknown}
Potions
 d - a potion of might
 e - 2 potions of brilliance {unknown}
 f - a potion of lignification {unknown}
 g - 2 potions of heal wounds {unknown}
 i - a potion of curing
 k - 2 potions of flight {unknown}
 p - a potion of cancellation {unknown}


   Skills:
 + Level 4.4 Fighting
 + Level 3.7 Axes
 + Level 4.0 Armour
 + Level 4.0 Shields


You had 3 spell levels left.
You didn't know any spells.
Your spell library contained the following spells:

 Spells                   Type           Power      Damage    Failure   Level
 Blink                    Tloc           0%         N/A       94%         2
 Lesser Beckoning         Tloc           0%         N/A       94%         2
 Momentum Strike          Conj/Tloc      0%         3d8       94%         2


Dungeon Overview and Level Annotations

Branches:
Dungeon (3/15)

Altars:

Annotations:
D:3 Natasha


Message History

The puff of frost hits you.
The iron imp hits you but does no damage.
Natasha claws you.
The shadow imp grins evilly.
You block the white imp's attack.
You barely miss Natasha.
Natasha is heavily wounded.
You hit the white imp. You closely miss the iron imp. Natasha claws you.
The white imp hits you but does no damage.
The iron imp hits you.
* * * LOW HITPOINT WARNING * * *
Natasha stares at you and mumbles some strange words.
You feel as though you will be slow longer.
The shadow imp laughs crazily.
The white imp gestures at you. The puff of frost hits you.
* * * LOW HITPOINT WARNING * * *
You block the iron imp's attack.
It was a potion of curing.
You feel better. You block Natasha's attack.
The white imp shouts, "Back with thee, thou puking beef-witted simpleton!"
The white imp hits you.
* * * LOW HITPOINT WARNING * * *
The white imp freezes you.
* * * LOW HITPOINT WARNING * * *
You block the iron imp's attack.
You feel better.
The white imp disappears in a puff of smoke!
Natasha claws you. The iron imp hits you.
* * * LOW HITPOINT WARNING * * *
Natasha claws you.
* * * LOW HITPOINT WARNING * * *
You closely miss Natasha.
Natasha is heavily wounded.
You hit the iron imp.
The shadow imp disappears in a puff of smoke!
The iron imp disappears in a puff of smoke!
Natasha claws you.
* * * LOW HITPOINT WARNING * * *
Natasha claws you!
You die...

........# ##.......
........ ... ...[.. #.#
....# #.# ## .§^######
#.# #. . #h§#....# #.#
#.
..#####@.#....#####.###.
........§...............
........................
....................##..
.######......†#########)
#.......†.# #)
#.........### #.
#...........# #.
#...........# #.


You could see Natasha.

Vanquished Creatures
  3 adders
  A worm (D:2)
  2 dart slugs (D:2)
  8 endoplasms
  2 giant cockroaches (D:3)
  5 goblins
  4 hobgoblins
  2 jackals (D:2)
  2 quokkas
  3 ball pythons
  8 bats
  2 frilled lizards (D:2)
  A kobold (D:2)
  4 rats
47 creatures vanquished.

Vanquished Creatures (others)
  A hobgoblin (D:3)
  A kobold (D:3)
  A rat (D:3)
3 creatures vanquished.

Grand Total: 50 creatures vanquished

Notes
Turn   | Place    | Note
-------+----------+-------------------------------------------
     0 | D:1      | BigDaddyOpFi the Hill Orc Fighter began the quest for the
                  | Orb.
     0 | D:1      | Reached XP level 1. HP: 19/19 MP: 1/1
   186 | D:1      | Reached XP level 2. HP: 27/27 MP: 2/2
   613 | D:2      | Reached XP level 3. HP: 33/33 MP: 3/3
  1337 | D:2      | Reached XP level 4. HP: 40/40 MP: 4/4
  1704 | D:3      | Became a worshipper of Beogh the Brigand
  1891 | D:3      | Noticed Natasha
  1909 | D:3      | Slain by Natasha

Illustrated notes

Levels and vault maps discovered:
D:1:      matt_arrival_diagonals, layout_loops_ring
D:2:      minmay_skewed_foursquare, layout_basic
D:3:      layout_basic, mainiacjoe_overflow_chevrons, minmay_misc_feat_iff,
          uniq_natasha

Skill      XL: |  1  2  3  4 |
---------------+-------------+-----
Axes           | 3 |  3.7
Fighting       | 4 |  4.4
Shields        | 4 |  4.0
Armour         | 4 |  4.0

Action                     |  1- 3 |  4- 6 || total
---------------------------+-------+-------++-------
  Melee: War axe           |    98 |    57 ||   155
 Invoke: Convert to Beogh  |       |     1 ||     1
    Use: Potion            |       |     2 ||     2
 Armour: Scale mail        |    55 |    34 ||    89
  Dodge: Dodged            |    64 |    33 ||    97
  Block: Buckler           |    34 |    17 ||    51

Table legend: (Time is in decaauts)
 A = Elapsed time spent in this place.
 B = Non-inter-level travel time spent in this place.
 C = Inter-level travel time spent in this place.
 D = Time resting spent in this place.
 E = Time spent auto-exploring this place.
 F = Levels seen in this place.
 G = Mean time per level.
                   A        B        C        D        E       F      G
               +--------+--------+--------+--------+--------+-----+--------+
         Total |   1970 |   1930 |     40 |      0 |   1575 |   3 |  656.7 |
       Dungeon |   1970 |   1930 |     40 |      0 |   1575 |   3 |  656.7 |
               +--------+--------+--------+--------+--------+-----+--------+

Top non-repeatable levels by time:
     D:2: 1081 daAuts
     D:1: 601 daAuts
     D:3: 288 daAuts
